 Dungeon Crawl Stone Soup version 0.21-a0-113-g6841d05 (webtiles) character file.

9874 Kidiri the Thaumaturge (level 11, 0/62 HPs)
             Began as a Deep Elf Fire Elementalist on July 12, 2017.
             Was a Priest of Vehumet.
             Killed from afar by a gargoyle (22 damage)
             ... with a stone arrow
             ... in a labyrinth.
             The game lasted 00:50:43 (12270 turns).

Kidiri the Thaumaturge (DEFE)                      Turns: 12270, Time: 00:50:44

Health: 0/62       AC: 15    Str:  9    XL:     11   Next: 28%
Magic:  20/29      EV: 16    Int: 24    God:    Vehumet [***...]
Gold:   544        SH:  0    Dex: 15    Spells: 15/34 levels left

rFire    . . .     SeeInvis +   K - +6 whip of Kossof {slash, Str+4 SInv}
rCold    . . .     Gourm    .   (no shield)
rNeg     . . .     Faith    .   D - +2 leather armour {MR+}
rPois    +         Spirit   .   (no helmet)
rElec    .         Reflect  .   p - +1 cloak
rCorr    +         Harm     .   d - +1 pair of gloves
MR       ++...                  k - +2 pair of boots
Stlth    ++........             (no amulet)
HPRegen  0.20/turn              z - +2 ring of protection
MPRegen  0.21/turn              J - ring of resist corrosion

@: no status effects
A: hooves 1, blink, sense surroundings 1, poison resistance
a: Blink, Renounce Religion


You were in a labyrinth.
You worshipped Vehumet.
Vehumet was most pleased with you.
You were not hungry.

You visited 2 branches of the dungeon, and saw 13 of its levels.
You also visited: Labyrinth.

You collected 705 gold pieces.
You spent 161 gold pieces at shops.

Inventory:

Hand Weapons
 h - a +4 dagger
 K - the +6 whip of Kossof (weapon) {slash, Str+4 SInv}
   (You found it on level 9 of the Dungeon)

   It inflicts extra damage upon your enemies.
   It affects your strength (+4).
   It lets you see invisible.
Missiles
 u - a throwing net (quivered)
Armour
 d - a +1 pair of gloves (worn)
 k - a +2 pair of boots (worn)
 p - a +1 cloak (worn)
 D - a +2 leather armour of magic resistance (worn)
 L - a +0 shield
Jewellery
 z - a +2 ring of protection (left hand)
 J - a ring of resist corrosion (right hand)
Wands
 a - a wand of paralysis (4/24)
 y - a wand of iceblast (2/15)
Scrolls
 e - a scroll of immolation
 m - 2 scrolls of magic mapping
 v - a scroll of teleportation
 w - 2 scrolls of remove curse
 C - a scroll of amnesia
 G - a scroll of recharging
Potions
 g - 3 potions of mutation
 i - 3 potions of flight {unknown}
 j - a potion of resistance
 l - 3 potions of lignification
 q - 2 potions of might
 t - 4 potions of curing {unknown}
 F - a potion of brilliance
Comestibles
 c - 3 bread rations
 x - 3 meat rations


   Skills:
 + Level 4.5 Fighting
 + Level 5.1 Short Blades
 + Level 4.2 Armour
 + Level 7.0 Dodging
 - Level 2.4 Stealth
 + Level 4.1 Shields
 * Level 12.3 Spellcasting
 + Level 6.7 Conjurations
 + Level 7.9 Fire Magic
 + Level 1.9 Ice Magic


You had 15 spell levels left.
You knew the following spells:

 Your Spells              Type           Power        Failure   Level  Hunger
a - Flame Tongue          Conj/Fire      #####        1%          1    None
b - Throw Flame           Conj/Fire      #####.       1%          2    None
c - Conjure Flame         Conj/Fire      #####...     1%          3    None
d - Inner Flame           Hex/Fire       ####....     1%          3    None
e - Sticky Flame          Conj/Fire      #####...     1%          4    None
f - Fireball              Conj/Fire      #####.....   2%          5    ###....
g - Freeze                Ice            ###.         1%          1    None


Dungeon Overview and Level Annotations

Branches:
Dungeon (13/15)            Temple (1/1) D:5            Lair (0/6) D:10
    Orc (0/2) D:9
 Vaults: D:13-14

Altars:
Ashenzari
Cheibriados
Dithmenos
Elyvilon
Fedhas
Gozag
Hepliaklqana
Kikubaaqudgha
Makhleb
Nemelex Xobeh
Okawaru
Qazlal
Ru
Sif Muna
Trog
Uskayaw
Vehumet
Wu Jian
Xom
Yredelemnul
Zin
The Shining One

Shops:
D:5 *   D:7 *   D:9 [   D:13 =


Innate Abilities, Weirdness & Mutations

You have large cloven feet.
You can translocate small distances at will.
You passively map a small area around you.
Your system is resistant to poisons. (rPois)


Message History

Casting: Flame Tongue
Confirm with . or Enter, or press ? or * to list all spells.
Aiming: Sticky Flame
Press: ? - help, Shift-Dir - straight line, f/p - gargoyle
Aim: a gargoyle, wielding a morningstar The sticky flame hits the gargoyle.
The gargoyle is lightly damaged.
The gargoyle is covered in liquid flames!
The gargoyle burns!
The gargoyle hits you but does no damage.
Unknown command.
The gargoyle burns!
The gargoyle burns!
The gargoyle hurls a stone arrow at you.
The stone arrow misses you.
The gargoyle burns!
The gargoyle burns!
The gargoyle stops burning.
The gargoyle hurls a stone arrow at you.
The stone arrow hits you!
You die...

. .##
##.### .#
## # .
.#.#.#....
## #.###
#... . #
#...# #
#.#.# ..
#.#.# #
###.# #.
#.#.#
#.#####.#@#
#.....9...#
###.###.#.#
# # #.#.#
.9. ###.#
.## . ... .
..# ### .
..# #$ ..#


You could see a gargoyle.

Vanquished Creatures
  2 two-headed ogres (D:8)
  An unseen horror (D:10)
  Pikel (D:9)
  A cyclops (D:13)
  An ugly thing (D:9)
  2 minotaur skeletons (Lab)
  2 hippogriffs (D:9)
  Sigmund (D:6)
  2 hungry ghosts
  Grum (D:10)
  3 yaks (D:10)
  Eustachio (D:6)
  A steam dragon (D:13)
  Edmund (D:5)
  Duvessa (D:5)
  A water moccasin (D:8)
  2 black bears (D:8)
  4 slaves (D:9)
  2 orc warriors
  4 sky beasts
  An ice beast (D:5)
  4 ogres
  A necrophage (D:8)
  The ghost of Zorot the Shield-Bearer, an amateur FoFi (D:3)
  A phantom (D:8)
  2 wolves (D:9)
  4 centaurs
  3 big kobolds
  5 bullfrogs
  2 scorpions (D:10)
  Dowan (D:5)
  A water moccasin skeleton (D:10)
  4 killer bees (D:10)
  4 wights (D:10)
  3 howler monkeys
  4 crimson imps
  A quasit (D:6)
  Crazy Yiuf (D:3)
  3 bullfrog skeletons
  11 orc wizards
  2 centaur skeletons (D:8)
  9 orc priests
  6 hounds
  3 iguanas
  Terence (D:2)
  Natasha (thrice) (D:2)
  6 worker ants
  A hound zombie (D:5)
  2 hound skeletons
  3 worker ant zombies
  3 gnolls
  9 adders
  A howler monkey skeleton (D:6)
  2 shadow imps
  2 adder skeletons
  4 adder zombies
  5 worms
  4 dart slugs
  4 leopard geckos
  29 orcs
  3 ball pythons
  6 giant cockroaches
  6 goblins
  4 hobgoblins
  7 jackals
  5 bats (D:2)
  4 frilled lizards
  19 kobolds
  A quokka skeleton (D:6)
  6 rats
251 creatures vanquished.

Notes
Turn   | Place    | Note
-------+----------+-------------------------------------------
     0 | D:1      | Kidiri the Deep Elf Fire Elementalist began the quest for the Orb.
     0 | D:1      | Reached XP level 1. HP: 10/10 MP: 6/6
   467 | D:1      | Reached XP level 2. HP: 12/15 MP: 3/8
   474 | D:1      | Learned a level 2 spell: Throw Flame
   730 | D:2      | Found an iron altar of Okawaru.
   970 | D:2      | Reached skill level 4 in Spellcasting
  1048 | D:2      | Found an ancient bone altar of Kikubaaqudgha.
  1066 | D:2      | Reached XP level 3. HP: 12/19 MP: 3/10
  1081 | D:2      | Learned a level 3 spell: Conjure Flame
  1085 | D:2      | Learned a level 3 spell: Inner Flame
  1697 | D:2      | Noticed Terence
  1772 | D:2      | Killed Terence
  1772 | D:2      | Reached XP level 4. HP: 19/24 MP: 12/12
  1961 | D:2      | Reached skill level 5 in Spellcasting
  1993 | D:2      | Noticed Natasha
  1997 | D:2      | Killed Natasha
  2003 | D:2      | Learned a level 4 spell: Sticky Flame
  2102 | D:2      | Noticed Natasha
  2107 | D:2      | Killed Natasha
  2208 | D:2      | Noticed Natasha
  2211 | D:2      | Killed Natasha
  2211 | D:2      | Reached XP level 5. HP: 19/28 MP: 10/15
  2262 | D:3      | Gained mutation: You have large cloven feet. [potion of mutation]
  2262 | D:3      | Gained mutation: You passively map a small area around you. [potion of mutation]
  2262 | D:3      | Gained mutation: Your system is resistant to poisons. (rPois) [potion of mutation]
  2270 | D:3      | Noticed Zorot's ghost (amateur FoFi)
  2282 | D:2      | Reached skill level 6 in Spellcasting
  2459 | D:2      | HP: 1/28 [orc wizard/magic dart (10)]
  2758 | D:3      | Reached XP level 6. HP: 16/32 MP: 7/17
  3063 | D:3      | Found a runed door.
  3168 | D:3      | Found a hide-covered altar of Uskayaw.
  3512 | D:3      | Killed Zorot's ghost
  3512 | D:3      | Reached skill level 7 in Spellcasting
  3512 | D:3      | Reached skill level 5 in Fire Magic
  3818 | D:3      | Noticed Crazy Yiuf
  3822 | D:3      | Killed Crazy Yiuf
  4029 | D:3      | Learned a level 5 spell: Fireball
  4131 | D:4      | Reached XP level 7. HP: 37/37 MP: 7/20
  4401 | D:4      | Found a sacrificial altar of Ru.
  4648 | D:4      | Reached skill level 1 in Short Blades
  4663 | D:4      | Reached skill level 1 in Fighting
  4746 | D:4      | Reached skill level 1 in Armour
  4746 | D:4      | Reached skill level 8 in Spellcasting
  4931 | D:5      | Entered Level 5 of the Dungeon
  4963 | D:5      | Noticed Edmund
  5018 | D:5      | Killed Edmund
  5054 | D:5      | Reached XP level 8. HP: 34/43 MP: 0/22
  5183 | D:5      | Found Adosopha's General Store.
  5193 | D:5      | Noticed Duvessa
  5193 | D:5      | Noticed Dowan
  5199 | D:5      | Killed Dowan
  5206 | D:5      | Killed Duvessa
  5206 | D:5      | Reached skill level 1 in Shields
  5637 | D:5      | Found a stormy altar of Qazlal.
  5695 | D:5      | Found a bloodstained altar of Trog.
  5833 | D:5      | Found a staircase to the Ecumenical Temple.
  5846 | Temple   | Entered the Ecumenical Temple
  6386 | D:5      | Reached skill level 9 in Spellcasting
  6532 | D:6      | Noticed Eustachio
  6538 | D:6      | Killed Eustachio
  6542 | D:6      | Found a burning altar of Makhleb.
  6564 | D:6      | Found a basalt altar of Yredelemnul.
  6948 | D:6      | Noticed Sigmund
  6974 | D:6      | Killed Sigmund
  7456 | D:6      | Found a shadowy altar of Dithmenos.
  7738 | D:7      | Reached XP level 9. HP: 47/49 MP: 8/24
  7920 | D:7      | Found Vopi's Assorted Antiques.
  8105 | D:7      | Reached skill level 10 in Spellcasting
  8167 | D:7      | Found a blossoming altar of Fedhas.
  8644 | D:8      | Found a radiant altar of Vehumet.
  8651 | D:8      | Became a worshipper of Vehumet
  8659 | D:8      | Reached skill level 5 in Dodging
  8685 | D:8      | Reached skill level 5 in Conjurations
  9282 | D:8      | Reached * piety under Vehumet
  9282 | D:8      | Offered knowledge of Magic Dart by Vehumet.
  9333 | D:8      | Noticed a two-headed ogre
  9368 | D:8      | Killed a two-headed ogre
  9368 | D:8      | Reached XP level 10. HP: 31/56 MP: 3/26
  9572 | D:8      | Noticed a two-headed ogre
  9589 | D:8      | Killed a two-headed ogre
  9589 | D:8      | Reached skill level 11 in Spellcasting
  9989 | D:9      | Noticed a white ugly thing
 10003 | D:9      | Killed a white ugly thing
 10009 | D:9      | Gained mutation: You can translocate small distances at will. [mutagenic meat]
 10111 | D:9      | Noticed Pikel
 10122 | D:9      | Killed Pikel
 10321 | D:9      | Found a staircase to the Orcish Mines.
 10325 | D:9      | Noticed Grum
 10414 | D:9      | Got an ancient whip
 10415 | D:9      | Identified the +6 whip of Kossof {slash, Str+4 SInv} (You found it on level 9 of the Dungeon)
 10469 | D:9      | Found Mawiegala's Antique Armour Boutique.
 10476 | D:9      | Bought a distressingly furry leather armour for 161 gold pieces
 10486 | D:9      | Identified the +1 leather armour of Decompression {+Blink +Inv MR+++ Int-5} (You bought it in a shop on level 9 of the Dungeon)
 10573 | D:9      | Offered knowledge of Freeze by Vehumet.
 10579 | D:9      | Learned a level 1 spell: Freeze
 10871 | D:10     | Entered Level 10 of the Dungeon
 10885 | D:10     | Killed Grum
 10994 | D:10     | Reached ** piety under Vehumet
 11006 | D:10     | Reached skill level 5 in Short Blades
 11133 | D:10     | Reached skill level 12 in Spellcasting
 11146 | D:10     | Reached XP level 11. HP: 43/61 MP: 19/29
 11327 | D:10     | Found a staircase to the Lair.
 11519 | D:10     | Offered knowledge of Throw Frost by Vehumet.
 11519 | D:10     | Reached skill level 1 in Ice Magic
 11577 | D:10     | Noticed an unseen horror
 11582 | D:10     | Killed an unseen horror
 11751 | D:10     | You fall through a shaft for 3 floors!
 11759 | D:13     | Found Rozufof's Jewellery Shoppe.
 11796 | D:13     | Reached *** piety under Vehumet
 11893 | D:12     | Found a labyrinth entrance.
 11911 | Lab      | Entered a labyrinth
 12270 | Lab      | Killed from afar by a gargoyle

Vault maps used:
D:1:      evilmike_arrival_plus
D:2:      minmay_diamond_boxcup, lemuel_crystal_altar, okawaru_gym_becter,
          uniq_terence, uniq_natasha
D:3:      eat_drink_and_be_merry_uskayaw, first_bread, patterned_corridor,
          uniq_crazy_yiuf_cottage
D:4:      overflow_temple_1_default
D:5:      lemuel_coloured_pillars_altar, minmay_temple_entry_poolview,
          serial_shops, nicolae_shop_stone, bloody_trog, uniq_duvessa,
          uniq_edmund
D:6:      lemuel_crystal_altar, kennysheep_little_box, lemuel_crystal_altar,
          uniq_sigmund, uniq_eustachio
D:7:      old_standard_altar, serial_shops, shop_fountains
D:8:      nicolae_overflow_crystal_walls
D:9:      orc_0_dummy, serial_shops, shop, uniq_grum, uniq_pikel
D:10:     lair_entry_dummy, kennysheep_generic_room_6
D:12:     lab_entry_generic
D:13:     serial_shops, shop, nicolae_shop_statue_plus, shop, shop
Temple:   oiseaux_autumnal_temple
Lab:      labyrinth_hidden_loot, nicolae_lab_flowing_pool,
          nicolae_lab_starburst, nicolae_lab_lava, nicolae_lab_grate,
          nicolae_lab_x, nicolae_lab_very_dead_end, lab_block,
          labyrinth_skeletal_remains

Skill      XL: |  1  2  3  4  5  6  7  8  9 10 11 |
---------------+----------------------------------+-----
Spellcasting   | 4 5 6 7 8 9 10 12 | 12.3
Fire Magic     | 4 5 6 7 |  7.9
Conjurations   | 2 3 4 5 6 |  6.7
Dodging        | 3 4 5 6 7 |  7.0
Short Blades   | 1 2 4 5 |  5.1
Fighting       | 1 2 3 4 |  4.5
Armour         | 1 2 3 4 |  4.2
Shields        | 1 3 4 |  4.1
Ice Magic      | 1 |  1.9
Stealth        | |  2.4

Action                   |  1- 3 |  4- 6 |  7- 9 | 10-12 || total
-------------------------+-------+-------+-------+-------++-------
Melee: Dagger            |    10 |    19 |    35 |     9 ||    73
       Kick              |       |     1 |     3 |       ||     4
       Whip              |       |       |       |   121 ||   121
 Cast: Flame Tongue      |    59 |    56 |   192 |   100 ||   407
       Throw Flame       |     6 |    23 |    17 |    11 ||    57
       Conjure Flame     |       |     4 |     7 |     7 ||    18
       Sticky Flame      |       |     3 |    25 |    35 ||    63
       Inner Flame       |       |     3 |     6 |     5 ||    14
       Fireball          |       |       |     9 |     3 ||    12
Evoke: Wand              |       |       |     6 |     1 ||     7
  Use: Scroll            |     8 |     8 |     7 |     7 ||    30
       Potion            |     2 |     1 |       |     6 ||     9
 Stab: Sleeping          |     3 |     2 |     3 |     2 ||    10
       Distracted        |       |       |     1 |       ||     1
  Eat: Chunk             |     2 |     8 |    14 |     9 ||    33
       Fruit             |       |       |     7 |       ||     7
       Royal jelly       |       |       |     2 |     2 ||     4
       Bread ration      |       |       |     1 |       ||     1
Armor: Robe              |     4 |     9 |    38 |       ||    51
       Leather armour    |       |       |    11 |    70 ||    81
       Skin              |       |       |       |    27 ||    27
Dodge: Dodged            |    22 |    31 |    97 |   127 ||   277
